 Dungeon Crawl Stone Soup version 0.19.1 (console) character file.

1740 zxpr0jk the Frost Mage (level 8, -8/57 HPs)
             Began as a Mottled Draconian Ice Elementalist on Dec 9, 2016.
             Was a Follower of Cheibriados.
             Mangled by an orc warrior
             ... wielding a +0 scimitar
              (11 damage)
             ... on level 6 of the Dungeon.
             The game lasted 00:15:08 (5202 turns).

zxpr0jk the Frost Mage (DrIE)                       Turns: 5202, Time: 00:15:09

Health: -8/57      AC:  7    Str:  9 (12) XL:     8   Next: 77%
Magic:  3/17       EV: 12    Int: 27 (30) God:    Cheibriados [*.....]
Gold:   121        SH:  0    Dex: 16 (19) Spells: 3 memorised, 11 levels left

rFire  . . .     SeeInvis .     z - +3 dire flail (holy)
rCold  . . .     Gourm    +     (armour unavailable)
rNeg   . . .     Faith    .     (shield currently unavailable)
rPois  .         Spirit   .     (helmet restricted)
rElec  +         Reflect  .     (no cloak)
rCorr  .         Harm     .     (no gloves)
MR     .....     Clarity  +     t - +0 pair of boots
Stlth  ++........               f - amulet of the gourmand
                                g - +3 ring of dexterity
                                s - +5 ring of intelligence

@: brilliant, lethally poisoned (-8 -> -9), very slow
A: breathe sticky flame splash, unfitting armour, clarity, clever 1, electricity
resistance, cold-blooded, AC +6
a: Breathe Sticky Flame, Bend Time, Renounce Religion


You were on level 6 of the Dungeon.
You worshipped Cheibriados.
Cheibriados was aware of your devotion.
You were full.

You visited 1 branch of the dungeon, and saw 6 of its levels.

You collected 121 gold pieces.

Inventory:

Hand Weapons
 l - a +0 hunting sling
 z - a +3 dire flail of holy wrath (weapon)
 I - a cursed -3 mace
Missiles
 n - 184 stones (quivered)
Armour
 t - a +0 pair of boots (worn)
 H - a +1 cloak
Jewellery
 d - an uncursed ring of protection from magic
 f - an amulet of the gourmand (around neck)
 g - a +3 ring of dexterity (right hand)
 h - a +3 ring of strength
 s - a +5 ring of intelligence (left hand)
Wands
 e - a wand of iceblast (10/15)
 r - a wand of iceblast (9/15)
Scrolls
 c - 4 scrolls of identify
 i - 3 scrolls of remove curse
 j - a scroll of magic mapping {unknown}
 q - a scroll of recharging {unknown}
 u - 2 scrolls of blinking {unknown}
 w - 2 scrolls of amnesia {unknown}
 x - a scroll of random uselessness {unknown}
 y - 2 scrolls of teleportation
 B - a scroll of fog
Potions
 o - 4 potions of flight
 F - a potion of curing {unknown}
 J - a potion of agility
Books
 a - a book of Frost

   Spells                             Type                      Level
   a - Freeze                         Ice                          1
   b - Throw Frost                    Conjuration/Ice              2
   c - Ozocubu's Armour               Charms/Ice                   3
   d - Throw Icicle                   Conjuration/Ice              4
   e - Summon Ice Beast               Ice/Summoning                4
 p - a book of Callings

   Spells                             Type                      Level
   a - Summon Small Mammal            Summoning                    1
   b - Call Imp                       Summoning                    2
   c - Call Canine Familiar           Summoning                    3
   d - Summon Guardian Golem          Hexes/Summoning              3
   e - Summon Lightning Spire         Summoning/Air                4
   f - Summon Ice Beast               Ice/Summoning                4
 A - a book of Flames

   Spells                             Type                      Level
   a - Flame Tongue                   Conjuration/Fire             1
   b - Throw Flame                    Conjuration/Fire             2
   c - Conjure Flame                  Conjuration/Fire             3
   d - Inner Flame                    Hexes/Fire                   3
   e - Sticky Flame                   Conjuration/Fire             4
   f - Fireball                       Conjuration/Fire             5
Comestibles
 b - 7 bread rations
 m - a fruit
 G - a meat ration


   Skills:
 - Level 1.7 Dodging
 - Level 1.7 Stealth
 + Level 6.3 Spellcasting
   Level 1.0 Conjurations
 * Level 9.7 Ice Magic


You had 11 spell levels left.
You knew the following spells:

 Your Spells              Type           Power        Failure   Level  Hunger
a - Freeze                Ice            ####         1%          1    None
b - Ozocubu's Armour      Chrm/Ice       ######..     1%          3    None
c - Summon Ice Beast      Ice/Summ       ######..     1%          4    ###....


Dungeon Overview and Level Annotations

Branches:
Dungeon (6/15)             Temple (0/1) D:4

Altars:
Cheibriados
Fedhas
Gozag
Kikubaaqudgha
Trog
Yredelemnul
Zin


Innate Abilities, Weirdness & Mutations

You can spit globs of burning liquid.
You can ignite nearby creatures when you spit burning liquid.
Your weird mottled scales are hard. (AC +6)
You cannot fit into any form of body armour.
You are cold-blooded and may be slowed by cold attacks.
You possess an exceptional clarity of mind.
Your mind is acute. (Int +2)
You are resistant to electric shocks. (rElec)


Message History

Your magical effects are unravelling.
You feel magically purged.
Your icy armour evaporates.
You feel a little less agile now.
Your resistance to elements expires.
Your ice beast closely misses the howler monkey.
The howler monkey hits you but does no damage.
It was a potion of mutation.
You feel extremely strange.
You feel insulated.
Your thoughts seem clearer.
You feel clever. The howler monkey closely misses you.
The orc warrior barely misses you.
Your ice beast hits the howler monkey.
Your ice beast freezes the howler monkey!
The howler monkey dies!
Cheibriados thoroughly appreciates the change of pace.
It was a potion of degeneration.
There was something very wrong with that liquid.
You feel weakened.
You feel dopey.
You feel clumsy. The orc warrior closely misses you.
It was a potion of brilliance.
You feel clever all of a sudden. The orc closely misses you.
The orc warrior hits you with a scimitar!
You die...

#......# .## #.# # #.##.###
## #.# # #.##.# #. ##. #.# #
#.#..# #..#...##.### #.#.##
#............
####.#.####......##.###
#.............# #.#
#.##........#.## #.#
###.####.####....####.#
#.....##.# #.........#
########.....##.# ##...######
#....<..........# ##[##
#.######.....########...#####
#. #.....# #..<..#.....# #.
..# ###.#### #.###...###.#
#####. #..# .#######....#
##.## ..... ...
..........#.###.####.# ....#
..### .#######.............#
#..# h... ###.####.###..#
#.o##..# #.# #..#
#.o@#†.##### #.#
#.###..####.# #..Y†...>...
###.## #...........#
#.###...##.#####
#....#######..######
##.......##.# #.#..........†#
............# #.##.########.#
######.#.##.# #.##.# #.#
#.#.##.# #.##.# #.# ..#.##.#
#.##.# #.# ####.##.# #.##.#
#.# #.##.# #.##.# #<# #.##.##
.######.##.# #.#
#.#.#.#######...........# #.#
#..###......########.#### #.#
###.#.#####.####.###.########
#.# ##.## ................
..#
#.###########.###.########
### #.................#
###################


You could see an orc warrior, an orc and a friendly ice beast.

Vanquished Creatures
  The ghost of Daunt the Geomancer, a novice DDEE of Makhleb (D:6)
  Edmund (D:5)
  A phantom (D:5)
  The ghost of MisterMentat the Skirmisher, an amateur MiFi (D:3)
  4 scorpions
  3 vampire bats (D:2)
  Crazy Yiuf (D:5)
  2 orc priests (D:5)
  A hound (D:4)
  3 orc wizards
  Natasha (D:4)
  A hound zombie (D:5)
  A hound skeleton (D:4)
  A mummy (D:5)
  A worker ant zombie (D:3)
  9 adders
  7 gnolls
  An adder skeleton (D:5)
  A worm (D:2)
  A dart slug (D:4)
  4 leopard geckos
  22 orcs
  A ball python (D:1)
  4 bat skeletons (D:2)
  A bat zombie (D:2)
  3 giant cockroaches
  8 goblins
  3 hobgoblins
  6 jackals
  2 quokkas
  4 bats
  9 frilled lizards
  8 kobolds
  A leopard gecko skeleton (D:4)
  8 rats
126 creatures vanquished.

Vanquished Creatures (collateral kills)
  Sigmund (D:5)
  A howler monkey (D:6)
  A crimson imp (D:5)
  A jelly (D:6)
  2 gnolls
6 creatures vanquished.

Grand Total: 132 creatures vanquished

Notes
Turn   | Place    | Note
-------+----------+-------------------------------------------
     0 | D:1      | zxpr0jk the Draconian Ice Elementalist began the quest for the Orb.
     0 | D:1      | Reached XP level 1. HP: 14/14 MP: 3/3
   130 | D:1      | Reached XP level 2. HP: 10/20 MP: 3/5
   959 | D:2      | Reached XP level 3. HP: 26/26 MP: 4/6
  1006 | D:2      | Reached skill level 4 in Ice Magic
  1017 | D:2      | Learned a level 3 spell: Ozocubu's Armour
  1083 | D:2      | Found a blossoming altar of Fedhas.
  1086 | D:2      | Found a basalt altar of Yredelemnul.
  1089 | D:2      | Found a bloodstained altar of Trog.
  1105 | D:2      | Found an opulent altar of Gozag.
  1203 | D:2      | Found an ancient bone altar of Kikubaaqudgha.
  1209 | D:2      | Reached XP level 4. HP: 33/33 MP: 3/8
  1219 | D:2      | Reached skill level 5 in Ice Magic
  1224 | D:2      | Reached XP level 5. HP: 32/38 MP: 1/9
  1730 | D:3      | Noticed MisterMentat's ghost (amateur MiFi)
  1744 | D:3      | Killed MisterMentat's ghost
  1744 | D:3      | Reached XP level 6. HP: 28/45 MP: 0/11
  1769 | D:3      | Found a glowing silver altar of Zin.
  1832 | D:3      | Reached skill level 6 in Ice Magic
  2381 | D:4      | Noticed Natasha
  2386 | D:4      | Killed Natasha
  2683 | D:4      | Found a staircase to the Ecumenical Temple.
  2786 | D:4      | Your scales start taking on a weird mottled colour.
  2786 | D:4      | Reached XP level 7. HP: 50/50 MP: 11/13
  3092 | D:4      | Reached skill level 7 in Ice Magic
  3845 | D:5      | Entered Level 5 of the Dungeon
  3854 | D:5      | Learned a level 4 spell: Summon Ice Beast
  3938 | D:5      | Noticed Sigmund
  3957 | D:5      | Killed Sigmund
  4030 | D:5      | Reached skill level 5 in Spellcasting
  4058 | D:5      | Noticed Edmund
  4090 | D:5      | Killed Edmund
  4109 | D:5      | Reached skill level 8 in Ice Magic
  4153 | D:5      | Found a snail-covered altar of Cheibriados.
  4165 | D:5      | Became a worshipper of Cheibriados the Contemplative
  4225 | D:5      | Reached XP level 8. HP: 41/57 MP: 8/15
  4319 | D:5      | Found a runed door.
  4739 | D:5      | Noticed Crazy Yiuf
  4748 | D:5      | Killed Crazy Yiuf
  4891 | D:6      | Noticed Daunt's ghost (novice DDEE)
  4910 | D:6      | Killed Daunt's ghost
  4910 | D:6      | Reached skill level 9 in Ice Magic
  5192 | D:6      | Reached * piety under Cheibriados
  5197 | D:6      | HP: 2/57 [poisoned by a scorpion]
  5200 | D:6      | Gained mutation: You are resistant to electric shocks. (rElec) [potion of mutation]
  5200 | D:6      | Gained mutation: You possess an exceptional clarity of mind. [potion of mutation]
  5200 | D:6      | Gained mutation: Your mind is acute. (Int +2) [potion of mutation]
  5202 | D:6      | Mangled by an orc warrior

Skill      XL: |  1  2  3  4  5  6  7  8 |
---------------+-------------------------+-----
Ice Magic      | 4 5 6 8 9 |  9.7
Spellcasting   | 3 4 5 6 |  6.3
Dodging        | |  1.7
Stealth        | |  1.7
Conjurations   | |  1.0

Action                   |  1- 3 |  4- 6 |  7- 9 || total
-------------------------+-------+-------+-------++-------
Melee: Unarmed           |    51 |       |       ||    51
       Tailslap          |     9 |       |    14 ||    23
       Trident           |       |       |    40 ||    40
       Dire flail        |       |       |    76 ||    76
 Fire: Hunting sling     |    35 |   116 |    43 ||   194
 Cast: Freeze            |    29 |    51 |    53 ||   133
       Ozocubu's Armour  |       |     4 |     7 ||    11
       Summon Ice Beast  |       |       |     4 ||     4
  Use: Scroll            |       |     9 |     1 ||    10
       Potion            |       |       |     7 ||     7
 Stab: Sleeping          |     5 |       |     2 ||     7
  Eat: Meat ration       |       |     1 |       ||     1
       Chunk             |       |     3 |     9 ||    12
       Bread ration      |       |       |     1 ||     1
Armor: Skin              |    44 |    30 |    68 ||   142
Dodge: Dodged            |    71 |    60 |   124 ||   255
